cohdb
Replays
Latest Replays
All Replays
Popular Replays
Top Player Replays
Match Explorer
How It Works
Community
CoH3 Stats
Reddit
Sign in to upload your games and track your stats! →
Sign in with Steam
Match 39742477
Unlisted
Match 39742477
Overview
Messages
Build Orders
End
Selects Australian Defense Battlegroup
Selects Australian Light Infantry Section
Australian Light Infantry Section
Vickers Machine Gun Team
Australian Light Infantry Section
Australian Light Infantry Section
Construct Section Command Post
Selects CMP 15cwt Supply Run
Construct Platoon Command Post
Humber Armored Car
Selects Reinforced Resource Caches
Royal Engineer Section
6-pounder Anti-tank Gun Team
CMP 15cwt Truck
Construct Company Command Post
WasIsDaLos
Cunha
[Fury] Phoenix
Venom snake
Thrusher
Nakovalny
0
0
Comments
sign in to comment!
No comments posted yet!